 Dungeon Sprint DCSS version 0.26-a0-1038-gfb849e850a (webtiles) character file.

Game seed: 8579743684522174425

973 Conn the Arsonist (level 8, -8/50 HPs)
             Began as an Octopode Fire Elementalist on Dec 11, 2020.
             Killed from afar by an ice statue (21 damage)
             ... with a shard of ice
             ... in the Dungeon (Sprint II: "The Violet Keep of Menkaure").
             The game lasted 00:05:34 (1076 turns).

Conn the Arsonist (Octopode Fire Elementalist)      Turns: 1076, Time: 00:05:35

Health: -8/50      AC:  1    Str:  6 (7)  XL:     8   Next: 16%
Magic:  15/15      EV: 15    Int: 19      God:
Gold:   509        SH:  0    Dex: 13      Spells: 3/19 levels left

rFire    . . .     SeeInvis .   (no weapon)
rCold    . . .     Faith    .   (no shield)
rNeg     . . .     Spirit   .   (helmet restricted)
rPois    .         Reflect  .   (no amulet)
rElec    .         Harm     .   (no ring)
rCorr    .         Rampage  .   (no ring)
Will     .....     NoTele   +   (no ring)
Stlth    ++++......             (no ring)
HPRegen  0.16/turn              (no ring)
MPRegen  0.14/turn              (no ring)
                                (no ring)
                                (no ring)

@: no status effects
A: almost no armour, stealthy swim, amphibious, 8 rings, constrict 8, camouflage
1, deterioration 1, low mp 1, screaming 1, gelatinous body 1
a: no special abilities


You were in the Dungeon.
You visited 1 branch You collected 729 gold pieces.
You spent 220 gold pieces at shops.

Inventory:

Scrolls
 a - a scroll of identify {unknown}
 g - a scroll of blinking
Potions
 c - a potion of heal wounds
 e - 2 potions of magic


   Skills:
 + Level 2.1 Fighting
 + Level 5.2 Dodging
 + Level 6.2 Stealth
 + Level 6.1 Spellcasting
 * Level 6.8 Conjurations
 * Level 3.4 Translocations
 + Level 12.3 Fire Magic
 * Level 1.8 Air Magic
 * Level 2.2 Poison Magic


You had 3 spell levels left.
You knew the following spells:

 Your Spells              Type           Power        Failure   Level
a - Foxfire               Conj/Fire      ####         1%          1
b - Conjure Flame         Conj/Fire      #####...     1%          3
c - Inner Flame           Hex/Fire       ####....     2%          3
d - Sticky Flame          Conj/Fire      #####...     2%          4
e - Blink                 Tloc           N/A          4%          2
f - Mephitic Cloud        Conj/Pois/Air  ###.....     8%          3

Your spell library contained the following spells:

 Spells                   Type           Power        Failure   Level
 Magic Dart               Conj           ####         1%          1
 Call Imp                 Summ           #.......     17%         2
 Slow                     Hex            #.......     17%         2
 Fireball                 Conj/Fire      #####.....   6%          5


Dungeon Overview and Level Annotations

Branches:
Dungeon (1/1)

Altars:

Shops:
D =(:!=?=}[*[:!=!

Annotations:
D exclusion: oklob plant


Innate Abilities, Weirdness & Mutations

You cannot wear most types of armour.
You are very stealthy in the water. (Stealth+)
You are amphibious.
You can wear up to eight rings at the same time.
You can use your tentacles to constrict eight enemies at once.
Your skin changes colour to match your surroundings (Stealth+).
Your rubbery body absorbs attacks. (AC +1, EV +1)
Your body sometimes deteriorates upon taking damage.
Your magical capacity is low. (-10% MP)
You occasionally shout uncontrollably at your foes.


Message History

You close the door.
You start resting.
HP restored.
You start resting.
The walls and floor vibrate strangely for a moment.
You start resting.
Magic restored.
You open the door.
There is an open door here.
There is an open door here.
Really walk into a travel-excluded area?
Found 243 gold pieces.
You are engulfed in freezing vapours.
There is an open door here.
You are engulfed in freezing vapours.
* * * LOW HITPOINT WARNING * * *
Your body deteriorates!
You feel weakened. The ice statue gestures at you. The shard of ice hits you!!
You die...

####+#### ##.°.○○..##
###...°○○○○°##
'...°°8○.○°.#
#...○○☼°○.# #.○○°°○.#
########≈≈#'○○#○°'##
#######≈≈≈...°○○@..#
......#≈≈≈≈.##°##..#
......#≈≈≈≈##°$.##.#
∩...∩.#≈≈≈≈#..##.#...
.∩.∩.∩#≈≈######.####..
∩.∩.∩.#≈##§# #'###.##..#
.∩.∩..#≈#..###.##)..#..#
..⌠...'≈'##.'.<.'.#.+ .#
......#≈#..###.##...#


You could see an ice statue.

Vanquished Creatures
  A merfolk siren (D)
  A blink frog (D)
  2 neqoxecs (D)
  A water moccasin (D)
  4 worker ants (D)
  3 worms (D)
12 creatures vanquished.

Vanquished Creatures (others)
  Menkaure (D)
  A neqoxec (D)
  A water moccasin (D)
  59 foxfires (D)
62 creatures vanquished.

Grand Total: 74 creatures vanquished

Notes
Turn   | Place    | Note
-------+----------+-------------------------------------------
     0 | D        | Conn the Octopode Fire Elementalist began the quest for the
                  | Orb.
     0 | D        | Reached XP level 1. HP: 11/11 MP: 3/3
     1 | D        | Noticed a worker ant
     1 | D        | Noticed a worker ant
     8 | D        | Killed a worker ant
     9 | D        | Reached skill level 5 in Fire Magic
     9 | D        | Reached XP level 2. HP: 14/17 MP: 3/5
     9 | D        | Reached XP level 3. HP: 18/21 MP: 3/6
    11 | D        | Reached skill level 6 in Fire Magic
   189 | D        | Killed a water moccasin
   208 | D        | Killed Menkaure
   270 | D        | Learned a level 3 spell: Conjure Flame
   274 | D        | Learned a level 3 spell: Inner Flame
   299 | D        | Reached XP level 4. HP: 14/27 MP: 8/8
   465 | D        | Reached skill level 7 in Fire Magic
   492 | D        | Found Zeekleva's Jewellery Shop.
   492 | D        | Found Esulokor's Assorted Antiques.
   492 | D        | Found Sejote Guant's Distillery.
   492 | D        | Found Plog's Antique Armour Boutique.
   492 | D        | Found Saruxzit's Distillery.
   493 | D        | Found Ehelof's Book Shop.
   493 | D        | Found Sofususi's Antique Armour Boutique.
   493 | D        | Found Gucowasch's Gadget Shop.
   494 | D        | Found Vuraguj's Jewellery Shop.
   494 | D        | Found Vutuq's Magic Scroll Boutique.
   495 | D        | Noticed a hell hog
   496 | D        | Found Beqozot's Jewellery Boutique.
   496 | D        | Found Bimnu's Distillery.
   496 | D        | Noticed a water moccasin
   496 | D        | Noticed a hell hog
   496 | D        | Noticed an oklob plant
   503 | D        | Killed a water moccasin
   504 | D        | Reached skill level 9 in Fire Magic
   504 | D        | Reached XP level 5. HP: 32/32 MP: 5/11
   504 | D        | Found Qystroq's Antique Weapon Shop.
   504 | D        | Found Fanidot's Book Shoppe.
   504 | D        | Found Zurcheul's Jewellery Boutique.
   510 | D        | Learned a level 4 spell: Sticky Flame
   510 | D        | Noticed a cane toad
   512 | D        | Bought a book of Minor Magic for 220 gold pieces
   549 | D        | Noticed a blink frog
   558 | D        | Killed a blink frog
   559 | D        | Reached skill level 1 in Fighting
   559 | D        | Reached skill level 5 in Stealth
   559 | D        | Reached skill level 5 in Conjurations
   559 | D        | Reached skill level 11 in Fire Magic
   559 | D        | Reached XP level 6. HP: 16/38 MP: 8/13
   641 | D        | Learned a level 2 spell: Blink
   860 | D        | Noticed a merfolk siren
   879 | D        | Killed a merfolk siren
   880 | D        | Reached skill level 5 in Dodging
   880 | D        | Reached skill level 5 in Spellcasting
   880 | D        | Reached skill level 12 in Fire Magic
   880 | D        | Reached XP level 7. HP: 43/44 MP: 6/15
   950 | D        | Learned a level 3 spell: Mephitic Cloud
   950 | D        | Noticed a neqoxec
   950 | D        | Noticed a neqoxec
   951 | D        | Gained mutation: Your body sometimes deteriorates upon
                  | taking damage. [a neqoxec]
   964 | D        | Gained mutation: Your magical capacity is low. (-10% MP) [a
                  | neqoxec]
   966 | D        | Killed a neqoxec
   967 | D        | Reached skill level 1 in Air Magic
   967 | D        | Reached skill level 1 in Poison Magic
   967 | D        | Reached XP level 8. HP: 50/50 MP: 8/15
   974 | D        | Gained mutation: You occasionally shout uncontrollably at
                  | your foes. [a neqoxec]
  1073 | D        | Noticed an ice statue
  1076 | D        | Killed from afar by an ice statue

Illustrated notes

Levels and vault maps discovered:
D:        the_violet_keep_of_menkaure [sprint2_stairs_cluster_1,
          sprint2_shoproom, sprint2_temple, sprint2_basic_supplies,
          sprint2_obstacle_6, sprint2_obstacle_4, sprint2_obstacle_2,
          sprint2_obstacle_7, sprint2_obstacle_1, sprint2_timed_cluster_1,
          sprint2_smallroom_cluster_1, sprint2_smallroom_final_cluster_1,
          sprint2_transparent_cluster_1, sprint2_second_timed_cluster_1,
          sprint2_sniper_area_1, sprint2_heavy_combat_area_1,
          sprint2_mutation_trap_area_1, sprint2_forest_area_1,
          sprint2_light_combat_area_1, sprint2_behind_water_1,
          sprint2_near_end_vault_1]

Skill      XL: |  1  2  3  4  5  6  7  8 |
---------------+-------------------------+-----
Stealth        | 3 4 5 6 |  6.2
Conjurations   | 2 4 5 6 |  6.8
Fire Magic     | 5 6 9 11 12 | 12.3
Spellcasting   | 3 4 5 6 |  6.1
Dodging        | 3 4 5 |  5.2
Fighting       | 1 2 |  2.1
Translocations | 2 3 |  3.4
Air Magic      | 1 |  1.8
Poison Magic   | 1 2 |  2.2

Action                   |  1- 3 |  4- 6 |  7- 9 || total
-------------------------+-------+-------+-------++-------
Melee: Unarmed           |    17 |     3 |     4 ||    24
       Tentacles         |     6 |       |       ||     6
       Constrict         |     3 |     1 |       ||     4
 Cast: Foxfire           |       |    34 |     5 ||    39
       Sticky Flame      |       |       |     2 ||     2
       Conjure Flame     |       |       |     1 ||     1
  Use: Potion            |     3 |       |       ||     3
Armor: Skin              |     1 |       |     1 ||     2
Dodge: Dodged            |     8 |     8 |     6 ||    22

Table legend: (Time is in decaauts)
 A = Elapsed time spent in this place.
 B = Non-inter-level travel time spent in this place.
 C = Inter-level travel time spent in this place.
 D = Time resting spent in this place.
 E = Time spent auto-exploring this place.
 F = Levels seen in this place.
 G = Mean time per level.
                   A        B        C        D        E       F      G
               +--------+--------+--------+--------+--------+-----+--------+
         Total |   1072 |   1072 |      0 |    797 |      5 |   1 | 1072.0 |
       Dungeon |   1072 |   1072 |      0 |    797 |      5 |   1 | 1072.0 |
               +--------+--------+--------+--------+--------+-----+--------+

Top non-repeatable levels by time:
       D: 1072 daAuts
